Map: [ESL] Dragon Scales

Players

Neeb - Winner!

  • Race: Protoss Protoss
  • League: Diamond

Oliveira

  • Race: Terran Terran

Event: IEM Katowice 2023

VOD

Have the link to the VOD?

Description

Time

  • Played on: Feb. 10, 2023, 9:02 a.m.
  • Length: 14:56

All games in this series

Show
View Real Time Build Order
Export as new Build Order

Neeb Protoss - Winner!

Build Orders: 1 Gate Expand 

Get SALT Encoding   

  12  0:00  Probe  
  13  0:12  Probe  
  14  0:16  Pylon  
  14  0:24  Probe (Chrono Boost)  
  16  0:36  Gateway, Probe (Chrono Boost)  
  16  0:43  Probe (Chrono Boost)  
  16  0:45  Assimilator  
  17  0:51  Probe  
  18  1:03  Probe  
  19  1:15  Probe  
  20  1:22  Nexus  
  20  1:30  Cybernetics Core  
  20  1:33  Probe  
  20  1:38  Assimilator  
  21  1:45  Probe  
  22  1:51  Pylon  
  22  1:58  Probe (Chrono Boost)  
  23  2:07  Adept (Chrono Boost)  
  23  2:11  Probe (Chrono Boost)  
  23  2:12  Robotics Facility  
  26  2:15  Probe (Chrono Boost)  
  26  2:18  Warp Gate  
  27  2:26  Probe  
  27  2:29  Adept  
  28  2:33  Probe  
  31  2:38  Probe  
  32  2:44  Gateway  
  32  2:46  Probe  
  33  2:56  Gateway  
  33  3:01  Observer (Chrono Boost)  
  33  3:03  Gateway  
  34  3:10  Probe x2  
  36  3:15  Immortal (Chrono Boost)  
  40  3:23  Pylon  
  40  3:24  Probe  
  40  3:25  Probe  
  42  3:37  Probe x2  
  44  3:43  Immortal (Chrono Boost)  
  44  3:48  Pylon  
  48  3:49  Probe  
  48  3:52  Observer  
  50  4:03  Probe  
  50  4:05  Pylon  
  50  4:06  Adept x3  
  50  4:07  Adept  
  50  4:09  Probe  
  59  4:16  Observer  
  59  4:17  Warp Prism  
  55  4:33  Stalker x3  
  61  4:39  Probe x2  
  61  4:43  Assimilator  
  61  4:44  Assimilator  
  63  4:49  Zealot  
  63  4:51  Probe x2  
  67  5:03  Probe x2  
  67  5:13  Stalker x4  
  69  5:15  Pylon, Probe  
  69  5:18  Pylon  
  69  5:21  Pylon  
  70  5:28  Twilight Council  
  70  5:30  Pylon  
  70  5:33  Probe  
  71  5:45  Stalker x4  
  79  5:50  Pylon  
  79  5:53  Observer  
  80  5:58  Charge (Chrono Boost)  
  80  6:05  Gateway  
  80  6:07  Gateway  
  80  6:25  Gateway, Sentry x2, Zealot x2  
  85  6:26  Gateway  
  85  6:30  Pylon  
  85  6:31  Gateway  
  87  6:36  Observer  
  88  6:44  Nexus  
  88  6:59  Zealot x5  
  98  7:11  Stalker  
  100  7:22  Observer  
  100  7:24  Zealot x7  
  114  7:32  Probe x2  
  114  7:34  Pylon  
  114  7:36  Templar Archives  
  116  7:46  Probe x2  
  118  7:52  Observer  
  118  7:54  Psionic Storm  
  118  7:55  Pylon  
  118  7:56  Forge, Probe  
  118  7:57  Blink (Chrono Boost)  
  121  7:58  Probe  
  121  8:03  Sentry  
  121  8:04  Probe  
  124  8:08  Probe  
  124  8:10  Probe  
  126  8:13  High Templar  
  126  8:14  High Templar  
  126  8:16  Probe  
  131  8:20  Probe  
  131  8:21  Protoss Ground Armor Level 1 (Chrono Boost)  
  131  8:22  High Templar, Probe  
  131  8:23  Shield Battery  
  135  8:28  Probe  
  135  8:32  Pylon, Probe  
  137  8:37  High Templar  
  137  8:39  Observer  
  137  8:40  Assimilator  
  139  8:41  Assimilator  
  139  8:46  Pylon  
  139  8:47  Forge  
  139  8:50  Observer  
  139  8:53  Zealot x5  
  149  9:04  Nexus  
  149  9:09  Pylon  
  149  9:16  Probe x2  
  151  9:21  High Templar x2  
  151  9:22  Protoss Ground Weapons Level 1 (Chrono Boost)  
  151  9:24  Probe  
  156  9:28  Probe  
  157  9:32  Probe  
  157  9:34  Observer  
  157  9:37  Photon Cannon  
  157  9:38  Pylon, Zealot  
  160  9:40  Zealot x5  
  168  9:56  Probe x2  
  168  9:58  Pylon  
  170  10:00  Pylon x2, Robotics Facility  
  170  10:01  Robotics Bay  
  170  10:02  Robotics Facility  
  170  10:15  Probe x2  
  170  10:16  Probe  
  173  10:22  Photon Cannon  
  173  10:23  Shield Battery  
  173  10:25  High Templar x3, Zealot  
  173  10:26  High Templar, Zealot x2  
  173  10:28  Probe  
  187  10:31  Probe  
  187  10:33  Zealot  
  187  10:35  Photon Cannon  
  190  10:42  Archon  
  190  10:43  Archon  
  176  10:51  Zealot x3, Extended Thermal Lance  
  176  11:00  Zealot x5  
  176  11:01  Colossus (Chrono Boost)  
  176  11:03  Protoss Ground Armor Level 2 (Chrono Boost)  
  176  11:04  Colossus (Chrono Boost)  
  194  11:21  Zealot  
  194  11:22  Zealot x2, Protoss Ground Weapons Level 2 (Chrono Boost)  
  200  11:31  Shield Battery  
  200  11:44  Assimilator  
  200  11:45  Assimilator  
  200  11:51  Nexus  
  170  12:00  Colossus (Chrono Boost)  
  137  12:05  Zealot x3  
  137  12:06  Zealot x5  
  163  12:09  Archon  
  163  12:12  Probe x3  
  163  12:14  Colossus (Chrono Boost)  
  160  12:24  Probe x2  
  162  12:30  Stalker x4  
  162  12:31  Stalker x4  
  162  12:33  Dark Shrine  
  144  12:53  Disruptor (Chrono Boost)  
  144  12:55  Zealot x8, Disruptor (Chrono Boost)  
  142  13:12  Gateway  
  142  13:13  Probe x2  
  142  13:14  Gateway  
  142  13:15  Gateway  
  142  13:16  Probe  
  143  13:29  High Templar x5  
  143  13:30  High Templar x3  
  143  13:33  Archon x3  
  159  13:35  Archon  
  159  13:40  Observer  
  160  13:41  Observer  
  160  13:43  Pylon  
  160  13:45  Pylon  
  161  14:00  Probe  
  161  14:01  Probe x2  
  161  14:02  Pylon  
  164  14:05  Pylon  
  164  14:11  Zealot x11  
  164  14:16  Disruptor x2  
  164  14:17  Observer  
  186  14:34  Photon Cannon  
  186  14:35  Shield Battery, Photon Cannon, Zealot x7  
  198  14:51  Zealot x3  
  198  14:52  Zealot  
Show
View Real Time Build Order
Export as new Build Order

Oliveira Terran 

Build Orders:  

Get SALT Encoding   

  12  0:00  SCV  
  13  0:12  SCV  
  14  0:17  Supply Depot  
  14  0:24  SCV  
  15  0:39  SCV  
  15  0:40  Barracks  
  16  0:46  Refinery  
  16  0:51  SCV  
  17  1:03  SCV  
  18  1:15  SCV  
  19  1:27  Marine, Orbital Command  
  20  1:38  Command Center  
  20  1:45  Barracks Reactor  
  20  1:53  Supply Depot  
  20  1:54  SCV  
  21  2:06  SCV  
  21  2:07  Factory  
  22  2:18  SCV  
  22  2:19  Barracks  
  22  2:22  Marine x2  
  25  2:30  SCV  
  25  2:32  Refinery  
  26  2:40  Marine x2  
  26  2:42  SCV  
  29  2:51  Orbital Command, Factory Tech Lab  
  29  2:55  SCV  
  30  3:04  Marine x2  
  31  3:07  SCV  
  31  3:08  Barracks Tech Lab  
  31  3:10  Cyclone  
  35  3:17  SCV  
  35  3:19  SCV  
  37  3:22  Supply Depot  
  37  3:26  Stimpack  
  37  3:27  Marine  
  37  3:28  Marine  
  37  3:31  SCV  
  37  3:34  SCV  
  41  3:36  Marine  
  42  3:42  Siege Tank  
  42  3:43  SCV  
  42  3:46  Supply Depot  
  42  3:48  Marine, SCV  
  47  3:52  Marine  
  47  3:55  SCV  
  50  3:57  Marine  
  50  4:00  SCV  
  52  4:02  Starport  
  52  4:07  Marine, SCV  
  53  4:11  Engineering Bay  
  53  4:12  SCV  
  53  4:13  Marine  
  55  4:19  SCV  
  55  4:20  Supply Depot  
  56  4:30  Marine  
  50  4:34  Marine  
  50  4:35  SCV  
  50  4:36  SCV  
  52  4:39  Siege Tank, Bunker  
  52  4:40  Marine  
  52  4:42  Medivac  
  58  4:48  SCV x2  
  60  4:56  Marine x2  
  60  4:57  Refinery  
  61  5:00  SCV x2  
  61  5:01  Marine  
  58  5:12  Siege Tank  
  57  5:14  Marine, SCV  
  57  5:17  SCV  
  57  5:18  Marine  
  57  5:21  Marine  
  62  5:26  SCV  
  63  5:29  SCV  
  63  5:30  Viking  
  63  5:32  Marine  
  66  5:37  Supply Depot  
  66  5:40  Marine  
  66  5:41  SCV  
  66  5:42  SCV  
  69  5:44  Marine  
  69  5:45  Combat Shield  
  70  5:54  Terran Infantry Weapons Level 1, Barracks  
  70  5:59  SCV x2  
  70  6:00  Missile Turret  
  70  6:02  Factory Reactor  
  70  6:03  Starport Reactor  
  72  6:04  Marine  
  72  6:10  Supply Depot  
  73  6:12  Marine  
  73  6:13  Marine  
  73  6:14  SCV  
  73  6:18  Missile Turret  
  73  6:22  Marine  
  74  6:26  Supply Depot  
  74  6:30  Marine, SCV  
  74  6:32  SCV  
  77  6:33  Supply Depot  
  77  6:34  Marine  
  77  6:39  Supply Depot  
  77  6:42  Marine, Marauder, SCV  
  77  6:46  SCV  
  81  6:50  Marine  
  81  6:51  Factory Tech Lab  
  82  7:01  Marine, Command Center  
  82  7:02  Marauder  
  82  7:05  Refinery  
  85  7:10  Marauder  
  85  7:11  Marine  
  85  7:12  Medivac x2  
  85  7:15  Siege Tank  
  93  7:19  Concussive Shells  
  93  7:21  Marine  
  94  7:23  Marauder  
  94  7:29  Marine  
  97  7:32  Bunker, Marauder  
  99  7:39  Marine, SCV  
  99  7:40  SCV  
  96  7:45  Marauder  
  96  7:46  Barracks  
  96  7:47  Barracks  
  96  7:48  Marine, Siege Tank  
  96  7:50  Terran Infantry Armor Level 1  
  102  7:53  Supply Depot  
  102  7:54  SCV x2  
  102  7:56  Marauder  
  106  8:07  Marauder, Supply Depot  
  106  8:08  Marine  
  106  8:12  Marine, Liberator  
  110  8:16  Orbital Command  
  110  8:17  Liberator  
  116  8:20  Marauder  
  116  8:23  SCV  
  116  8:25  SCV  
  119  8:30  Marauder  
  121  8:34  Barracks Tech Lab  
  121  8:38  Ghost Academy  
  121  8:40  SCV  
  122  8:43  Orbital Command  
  122  8:44  Widow Mine  
  122  8:45  SCV  
  127  8:48  Marauder  
  127  8:51  Marine  
  127  8:53  Missile Turret  
  127  8:54  Supply Depot  
  127  8:55  Marine  
  129  8:56  Marine  
  129  9:02  SCV  
  133  9:11  SCV  
  133  9:12  SCV  
  133  9:14  Ghost x3  
  139  9:18  Supply Depot  
  139  9:20  Marine, Widow Mine  
  139  9:24  SCV  
  143  9:25  SCV  
  143  9:28  SCV  
  143  9:29  Marine x2, Supply Depot  
  146  9:36  SCV  
  147  9:42  Marine x2  
  147  9:44  SCV x2, Marauder x2  
  147  9:45  Refinery  
  154  9:46  Refinery  
  154  9:51  Ghost  
  156  9:56  Marine x2  
  156  9:58  Medivac x2  
  162  10:04  Ghost  
  164  10:08  Armory  
  164  10:09  Engineering Bay, Ghost  
  163  10:16  Widow Mine  
  163  10:21  Command Center, Supply Depot  
  165  10:24  Marauder  
  165  10:31  Marine  
  165  10:41  Widow Mine  
  165  10:42  Marine x3  
  172  10:43  Marauder x2  
  172  10:48  Medivac  
  172  10:50  Marine  
  172  10:53  Medivac  
  172  10:56  Terran Infantry Weapons Level 2, Terran Infantry Armor Level 2  
  173  10:58  Marine  
  173  11:01  Marine x2  
  169  11:04  Marine, Marauder x2  
  169  11:08  Marine  
  167  11:17  Marauder  
  167  11:18  Medivac, Drilling Claws, Supply Depot  
  171  11:19  Marine, Supply Depot  
  171  11:25  SCV  
  173  11:33  Siege Tank, Marauder, SCV x2  
  173  11:35  Ghost  
  173  11:37  Viking  
  177  11:49  Ghost  
  144  11:54  Marine  
  144  11:57  Marine  
  144  11:58  Marine  
  144  12:00  Ghost  
  144  12:01  Marine  
  138  12:04  SCV x3  
  138  12:05  Siege Tank  
  138  12:06  Marauder  
  147  12:11  Viking x2  
  147  12:15  Marine  
  149  12:18  Marauder  
  149  12:20  Marine x2  
  151  12:23  Marine  
  151  12:25  SCV  
  151  12:28  Marauder  
  151  12:29  Marine  
  156  12:30  Sensor Tower  
  156  12:32  Planetary Fortress  
  156  12:37  Missile Turret  
  140  12:49  Marine x2, Marauder  
  140  12:51  Marine  
  132  12:55  Marine  
  132  12:56  Marine, Marauder  
  132  12:57  Medivac  
  126  13:01  Siege Tank  
  126  13:02  SCV  
  126  13:03  SCV  
  121  13:06  Medivac  
  121  13:07  Marine  
  121  13:10  SCV  
  121  13:11  Marauder  
  121  13:12  Barracks x2  
  127  13:13  Ghost, Barracks  
  129  13:20  Marine x2  
  129  13:21  SCV  
  129  13:22  Marine  
  129  13:26  Marine  
  135  13:27  Marauder  
  135  13:32  Marine, Medivac  
  137  13:36  Medivac  
  137  13:37  Marine  
  140  13:42  Marauder  
  140  13:48  Marauder  
  142  13:49  SCV x2  
  142  13:50  Marauder, SCV  
  142  13:51  Marine  
  147  14:01  Barracks Tech Lab, Barracks Reactor  
  147  14:02  Marine x2  
  147  14:04  Marauder  
  147  14:05  SCV x2  
  147  14:09  Marauder, Viking  
  152  14:11  SCV x2  
  153  14:17  Marine, Marauder  
  153  14:20  SCV  
  153  14:22  Barracks Tech Lab  
  153  14:23  Marine  
  153  14:24  Marine, Marauder  
  156  14:33  Marauder  
  163  14:44  Supply Depot  
  164  14:46  Supply Depot  

Tags
 
Add a new tag
Caveats
  • Supply blocks, unpowered buildings, or Contaminate may cause inaccurate times.
  • Supply counts are checked every 10 seconds.